 Dungeon Crawl Stone Soup version 0.22.0 (webtiles) character file.

30 HaroldButt the Cudgeler (level 3, 0/34 HPs)
             Began as a Kobold Berserker on Aug 11, 2018.
             Was a Believer of Trog.
             Slain by a leopard gecko (3 damage)
             ... on level 1 of the Dungeon.
             The game lasted 00:03:05 (462 turns).

HaroldButt the Cudgeler (Kobold Berserker)           Turns: 462, Time: 00:03:06

Health: 0/34       AC:  2    Str: 20    XL:     3   Next: 37%
Magic:  3/3        EV: 15    Int:  8    God:    Trog [**....]
Gold:   22         SH:  0    Dex: 14    Spells: 2/2 levels left

rFire    . . .     SeeInvis .   a - +0 mace
rCold    . . .     Gourm    .   (shield restricted)
rNeg     . . .     Faith    .   b - +0 animal skin
rPois    .         Spirit   .   (no helmet)
rElec    .         Reflect  .   (no cloak)
rCorr    .         Harm     .   (no gloves)
MR       .....                  (no boots)
Stlth    ..........             (no amulet)
HPRegen  0.11/turn              (no ring)
MPRegen  0.08/turn              (no ring)

@: berserking, very quick
A: small, carnivore
a: Berserk, Trog's Hand, Renounce Religion


You were on level 1 of the Dungeon.
You worshipped Trog.
Trog was pleased with you.
You were very full.

You visited 1 branch of the dungeon, and saw 1 of its levels.

You collected 22 gold pieces.


Innate Abilities, Weirdness & Mutations

You are small and have problems with some larger weapons.
You are carnivorous and can eat meat at any time.


   Skills:
 - Level 3.2 Fighting
 + Level 3.8 Maces & Flails
 - Level 1.5 Armour
 - Level 2.4 Dodging


You had 2 spell levels left.
You didn't know any spells.
Your spell library was empty.

Inventory:

Hand Weapons
 a - a +0 mace (weapon)
Armour
 b - a +0 animal skin (worn)
Jewellery
 g - an uncursed ring of stealth {unknown}
Scrolls
 e - a scroll of identify {unknown}
 i - 3 scrolls of remove curse {unknown}
Potions
 d - a potion of cancellation {unknown}
 f - a potion of brilliance {unknown}
 h - a potion of degeneration {unknown}
Comestibles
 c - 3 rations

Dungeon Overview and Level Annotations

Branches:
Dungeon (1/15)

Altars:

▒▒▒▒▒. ▒▒ ▒. .. ▒. ▒.
▒. ▒▒▒ ▒. ▒▒▒▒▒▒▒ ▒.
.... ▒. ▒........ ▒.
▒...▒. ▒.........▒ ▒.
▒...▒l▒▒.........▒ ▒▒
▒.....K▒.........▒ ▒▒▒▒
▒......▒.........▒ ▒...
▒▒▒▒...▒.........▒▒▒...
▒...................
▒...▒.........▒▒▒...
▒...▒..).....÷).....
▒▒▒▒▒▒.▒▒▒▒▒.▒†▒....
▒........▒ ▒)▒.▒.▒..
▒........▒ ▒.▒.▒.▒..


You could see a leopard gecko.


Message History

The leopard gecko misses you. The leopard gecko barely misses you.
You miss the leopard gecko. The leopard gecko bites you.
You barely miss the leopard gecko. The leopard gecko bites you.
* * * LOW HITPOINT WARNING * * *
The leopard gecko barely misses you.
You hit the leopard gecko.
The leopard gecko is moderately wounded.
The leopard gecko misses you.
You barely miss the leopard gecko.
The leopard gecko is moderately wounded.
The leopard gecko bites you.
* * * LOW HITPOINT WARNING * * *
You closely miss the leopard gecko.
The leopard gecko is moderately wounded.
The leopard gecko bites you.
* * * LOW HITPOINT WARNING * * *
The leopard gecko misses you.
You hit the leopard gecko.
The leopard gecko is almost dead.
The leopard gecko barely misses you.
Use which ability? (? or * to list)
A red film seems to cover your vision as you go berserk!
You feel yourself moving faster!
You feel mighty! The leopard gecko closely misses you.
The leopard gecko bites you.
You die...

Action                   || total
-------------------------++-------
Melee: Mace              ||    64
Invok: Berserk           ||     4
  Eat: Chunk             ||    10
Armor: Animal skin       ||    16
Dodge: Dodged            ||    67

Vault maps used:
D:1:      lemuel_arrival_behind_the_door_small

Notes
Turn   | Place    | Note
-------+----------+-------------------------------------------
     0 | D:1      | HaroldButt the Kobold Berserker began the quest for the Orb.
     0 | D:1      | Reached XP level 1. HP: 14/14 MP: 1/1
   100 | D:1      | Reached skill level 3 in Maces & Flails
   140 | D:1      | Reached XP level 2. HP: 15/19 MP: 2/2
   334 | D:1      | Reached XP level 3. HP: 23/23 MP: 3/3
   400 | D:1      | Reached ** piety under Trog
   460 | D:1      | HP: 2/23 [leopard gecko (4)]
   462 | D:1      | Slain by a leopard gecko

Vanquished Creatures
  A dart slug (D:1)
  A leopard gecko (D:1)
  3 bats (D:1)
  A giant cockroach (D:1)
  5 goblins (D:1)
  3 hobgoblins (D:1)
  2 jackals (D:1)
  A ball python (D:1)
  3 kobolds (D:1)
  2 rats (D:1)
22 creatures vanquished.

Vanquished Creatures (others)
  A jackal (D:1)
1 creature vanquished.

Grand Total: 23 creatures vanquished
